TOP OF THE 1ST |
Minnesota ManBearPigs batting - Pitching for Butler White Sox : RHP Wilson Yoxall
|
Pitching: RHP Wilson Yoxall
|
|
Batting: RHB Carlos López
|
0-0: Ball 1-0: Called Strike 1-1: Ball 2-1: Foul Ball, location: 2F 2-2: Foul Ball, location: 2F 2-2: Fly out, F7 (Flyball, 7S)
|
Batting: RHB Ichizo Akiyama
|
0-0: Foul Ball, location: 2F 0-1: Fly out, F7 (Flyball, 7S)
|
Batting: RHB Jeffrey Hicks
|
0-0: Ball 1-0: Ball 2-0: Called Strike 2-1: Foul Ball, location: 2F 2-2: Ball 3-2: Base on Balls
|
Batting: RHB Chris Burrell
|
0-0: Called Strike 0-1: Called Strike 0-2: Ball 1-2: Ball Jeffrey Hicks steals 2nd base 2-2: Ball 3-2: Foul Ball, location: 2F 3-2: Foul Ball, location: 2F 3-2: Base on Balls
|
Batting: RHB Tom Hicks
|
0-0: Ground out 1-3 (Groundball, 13S)
|
Top of the 1st over - 0 run(s), 0 hit(s), 0 error(s), 2 left on base; Minnesota 0 - Butler 0 |
BOTTOM OF THE 1ST |
Butler White Sox batting - Pitching for Minnesota ManBearPigs : LHP Ed Stevens
|
Pitching: LHP Ed Stevens
|
|
Batting: RHB Jerry Moore
|
0-0: Called Strike 0-1: Ball 1-1: Ball 2-1: Ball 3-1: Called Strike 3-2: Foul Ball, location: 2F 3-2: Ground out 6-3 (Groundball, 6)
|
Batting: RHB Bobby Murdock
|
0-0: SINGLE (Groundball, 6MD)
|
Batting: RHB Tom Lang
|
0-0: Ball 1-0: Ball 2-0: Foul Ball, location: 2F 2-1: Foul Ball, location: 2F 2-2: Strikes out swinging
|
Batting: RHB Luis Fuentes
|
0-0: Fielders Choice at 2nd, 4-6 (Groundball, 34)
|
Bottom of the 1st over - 0 run(s), 1 hit(s), 0 error(s), 0 left on base; Minnesota 0 - Butler 0 |
TOP OF THE 2ND |
Minnesota ManBearPigs batting - Pitching for Butler White Sox : RHP Wilson Yoxall
|
Batting: RHB Jaime Hernández
|
0-0: Ball 1-0: Ball 2-0: Called Strike 2-1: Swinging Strike 2-2: Strikes out looking
|
Batting: RHB Pedro López
|
0-0: Called Strike 0-1: Ball 1-1: Ground out 4-3 (Groundball, 4)
|
Batting: RHB Chris Jones
|
0-0: Ball 1-0: Ball 2-0: Ball 3-0: Base on Balls
|
Batting: RHB Carlos Luna
|
0-0: Ball 1-0: Ball 2-0: Ball 3-0: Called Strike 3-1: Called Strike 3-2: Strikes out swinging
|
Top of the 2nd over - 0 run(s), 0 hit(s), 0 error(s), 1 left on base; Minnesota 0 - Butler 0 |
BOTTOM OF THE 2ND |
Butler White Sox batting - Pitching for Minnesota ManBearPigs : LHP Ed Stevens
|
Batting: RHB Luis Ramos
|
0-0: Called Strike 0-1: Ball 1-1: Swinging Strike 1-2: Strikes out swinging
|
Batting: LHB Thomas Dixon
|
0-0: SINGLE (Line Drive, 7S)
|
Batting: LHB Denny Allen
|
0-0: Swinging Strike 0-1: Foul Ball, location: 2F 0-2: Strikes out swinging
|
Batting: RHB Steve Clifton
|
0-0: Ball 1-0: Ball 2-0: SINGLE (Flyball, 7LS) Thomas Dixon to second
|
Batting: LHB Josh Pérez
|
0-0: Called Strike 0-1: Foul Ball, location: 2F 0-2: Ball 1-2: Ball 2-2: Ball 3-2: Foul Ball, location: 2F 3-2: SINGLE (Groundball, 4MD) Thomas Dixon to third Steve Clifton to second Thomas Dixon scores Steve Clifton to third
|
Batting: RHB Jerry Moore
|
0-0: Called Strike 0-1: Called Strike 0-2: Ball 1-2: Ball 2-2: SINGLE (Groundball, 34D) Steve Clifton scores Josh Pérez to second Runner from 2nd tries for 3rd, SAFE, no throw
|
Batting: RHB Bobby Murdock
|
0-0: Foul Ball, location: 2F 0-1: Ball 1-1: Ball 2-1: Ball 3-1: Foul Ball, location: 2F 3-2: Ground out 5-3 (Groundball, 56S)
|
Bottom of the 2nd over - 2 run(s), 4 hit(s), 0 error(s), 2 left on base; Minnesota 0 - Butler 2 |
TOP OF THE 3RD |
Minnesota ManBearPigs batting - Pitching for Butler White Sox : RHP Wilson Yoxall
|
Batting: RHB Carlos López
|
0-0: Called Strike 0-1: Swinging Strike 0-2: Foul Ball, location: 2F 0-2: Ground out 5-3 (Groundball, 56S)
|
Batting: RHB Ichizo Akiyama
|
0-0: Ball 1-0: Called Strike 1-1: Ball 2-1: Swinging Strike 2-2: Foul Ball, location: 2F 2-2: Foul Ball, location: 2F 2-2: Foul Ball, location: 2F 2-2: Strikes out looking
|
Batting: RHB Jeffrey Hicks
|
0-0: Ball 1-0: Ball 2-0: Ball 3-0: Base on Balls
|
Batting: RHB Chris Burrell
|
0-0: Ball 1-0: Called Strike 1-1: Ball 2-1: Foul Ball, location: 2F 2-2: Fielders Choice at 2nd, 4-6 (Groundball, 4)
|
Top of the 3rd over - 0 run(s), 0 hit(s), 0 error(s), 0 left on base; Minnesota 0 - Butler 2 |
BOTTOM OF THE 3RD |
Butler White Sox batting - Pitching for Minnesota ManBearPigs : LHP Ed Stevens
|
Batting: RHB Tom Lang
|
0-0: Ball 1-0: Ball 2-0: Called Strike 2-1: Ball 3-1: Foul Ball, location: 2F 3-2: Foul Ball, location: 2F 3-2: Fly out, F8 (Line Drive, 8LM)
|
Batting: RHB Luis Fuentes
|
0-0: Ball 1-0: Foul Ball, location: 2F 1-1: Swinging Strike 1-2: Ball 2-2: Strikes out swinging
|
Batting: RHB Luis Ramos
|
0-0: Swinging Strike 0-1: Ball 1-1: Ball 2-1: Fly out, F9 (Flyball, 9LS)
|
Bottom of the 3rd over - 0 run(s), 0 hit(s), 0 error(s), 0 left on base; Minnesota 0 - Butler 2 |
TOP OF THE 4TH |
Minnesota ManBearPigs batting - Pitching for Butler White Sox : RHP Wilson Yoxall
|
Batting: RHB Tom Hicks
|
0-0: Called Strike 0-1: Hit by Pitch
|
Batting: RHB Jaime Hernández
|
0-0: Ball 1-0: Ball 2-0: Called Strike 2-1: Foul Ball, location: 2F 2-2: Foul Ball, location: 2F 2-2: Ball 3-2: Foul Ball, location: 2F 3-2: Foul Ball, location: 2F 3-2: Strikes out swinging
|
Batting: RHB Pedro López
|
0-0: Ball 1-0: Foul Ball, location: 2F 1-1: Ball 2-1: Ball 3-1: Foul Ball, location: 2F 3-2: Base on Balls Tom Hicks to second
|
Batting: RHB Chris Jones
|
0-0: Called Strike 0-1: Ball Wild Pitch! Tom Hicks to third Pedro López to second 1-1: Ball 2-1: Swinging Strike 2-2: Ball 3-2: Foul Ball, location: 2F 3-2: Base on Balls
|
Batting: RHB Carlos Luna
|
0-0: Ball 1-0: Ball 2-0: Foul Ball, location: 2F 2-1: Ball 3-1: Grounds into fielders choice 1-2 (Groundball, 13) Pedro López to third Chris Jones to second
|
Batting: RHB Carlos López
|
0-0: Ball 1-0: Hit by Pitch Pedro López scores Chris Jones to third Carlos Luna to second
|
Batting: RHB Ichizo Akiyama
|
0-0: Ball 1-0: Fielders Choice at 2nd, 6-4 (Groundball, 6D)
|
Top of the 4th over - 1 run(s), 0 hit(s), 0 error(s), 2 left on base; Minnesota 1 - Butler 2 |
BOTTOM OF THE 4TH |
Butler White Sox batting - Pitching for Minnesota ManBearPigs : LHP Ed Stevens
|
Batting: LHB Thomas Dixon
|
0-0: SINGLE (Line Drive, 89S)
|
Batting: LHB Denny Allen
|
0-0: Called Strike 0-1: Grounds into double play, 4-6-3 (Groundball, 4)
|
Batting: RHB Steve Clifton
|
0-0: Called Strike 0-1: Ball 1-1: Ball 2-1: Called Strike 2-2: Strikes out swinging
|
Bottom of the 4th over - 0 run(s), 1 hit(s), 0 error(s), 0 left on base; Minnesota 1 - Butler 2 |
TOP OF THE 5TH |
Minnesota ManBearPigs batting - Pitching for Butler White Sox : RHP Wilson Yoxall
|
Pitching: RHP Armando Rodríguez
|
|
Batting: RHB Jeffrey Hicks
|
0-0: Ball 1-0: Foul Ball, location: 2F 1-1: Ball 2-1: Ground out 4-3 (Groundball, 4M)
|
Batting: RHB Chris Burrell
|
0-0: Called Strike 0-1: Ball 1-1: Called Strike 1-2: Ground out 5-3 (Groundball, 5L)
|
Batting: RHB Tom Hicks
|
0-0: Ball 1-0: Ground out 1-3 (Groundball, 13S)
|
Top of the 5th over - 0 run(s), 0 hit(s), 0 error(s), 0 left on base; Minnesota 1 - Butler 2 |
BOTTOM OF THE 5TH |
Butler White Sox batting - Pitching for Minnesota ManBearPigs : LHP Ed Stevens
|
Batting: LHB Josh Pérez
|
0-0: Called Strike 0-1: Ball 1-1: Foul Ball, location: 2F 1-2: Ball 2-2: SINGLE (Groundball, 56D)
|
Batting: RHB Jerry Moore
|
0-0: Foul Ball, location: 2F 0-1: Reached on error, E4 (Groundball, 4) Josh Pérez to second
|
Batting: RHB Bobby Murdock
|
0-0: Called Strike 0-1: Swinging Strike 0-2: Ball 1-2: SINGLE (Line Drive, 9LS) Josh Pérez to third Jerry Moore to second Runner from 3rd tries for Home, SAFE, no throw
|
Batting: RHB Tom Lang
|
0-0: Ball 1-0: Called Strike 1-1: Fly out, F9 (Flyball, 9D) Runner from 2nd tags up, SAFE at 3rd, no throw
|
Batting: RHB Luis Fuentes
|
0-0: Ball 1-0: Reached on error, E5 (Groundball, 56) Jerry Moore scores Bobby Murdock to second
|
Batting: RHB Luis Ramos
|
0-0: Foul Ball, location: 2F 0-1: Swinging Strike 0-2: Grounds into double play, 6-4-3 (Groundball, 6)
|
Bottom of the 5th over - 2 run(s), 2 hit(s), 2 error(s), 1 left on base; Minnesota 1 - Butler 4 |
TOP OF THE 6TH |
Minnesota ManBearPigs batting - Pitching for Butler White Sox : RHP Armando Rodríguez
|
Batting: RHB Jaime Hernández
|
0-0: Ball 1-0: Called Strike 1-1: Ball 2-1: Ball 3-1: Swinging Strike 3-2: Strikes out looking
|
Batting: RHB Pedro López
|
0-0: Ball 1-0: Foul Ball, location: 2F 1-1: SINGLE (Groundball, 6D)
|
Batting: RHB Chris Jones
|
0-0: Swinging Strike 0-1: Ball 1-1: Ball 2-1: Foul Ball, location: 2F 2-2: Strikes out looking
|
Batting: RHB Carlos Luna
|
0-0: Ball 1-0: Called Strike 1-1: DOUBLE (Line Drive, 7LM) Pedro López to third
|
Batting: RHB Carlos López
|
0-0: Ball 1-0: Ball 2-0: Ball 3-0: Base on Balls
|
Batting: RHB Ichizo Akiyama
|
0-0: Fielders Choice at 2nd, 6-4 (Groundball, 6)
|
Top of the 6th over - 0 run(s), 2 hit(s), 0 error(s), 2 left on base; Minnesota 1 - Butler 4 |
BOTTOM OF THE 6TH |
Butler White Sox batting - Pitching for Minnesota ManBearPigs : LHP Ed Stevens
|
Batting: LHB Thomas Dixon
|
0-0: Ball 1-0: Ball 2-0: Called Strike 2-1: Fly out, F7 (Flyball, 7)
|
Batting: LHB Denny Allen
|
0-0: Called Strike 0-1: Ground out 4-3 (Groundball, 4)
|
Batting: RHB Steve Clifton
|
0-0: Foul Ball, location: 2F 0-1: Foul Ball, location: 2F 0-2: Ball 1-2: Ball 2-2: Fly out, F9 (Flyball, 9LSF)
|
Bottom of the 6th over - 0 run(s), 0 hit(s), 0 error(s), 0 left on base; Minnesota 1 - Butler 4 |
TOP OF THE 7TH |
Minnesota ManBearPigs batting - Pitching for Butler White Sox : RHP Armando Rodríguez
|
Batting: RHB Jeffrey Hicks
|
0-0: Ball 1-0: Foul Ball, location: 2F 1-1: Ball 2-1: Ball 3-1: Called Strike 3-2: Foul Ball, location: 2F 3-2: Ground out 6-3 (Groundball, 6)
|
Batting: RHB Chris Burrell
|
0-0: Swinging Strike 0-1: Called Strike 0-2: Ball 1-2: Foul Ball, location: 2F 1-2: Ball 2-2: Hit by Pitch
|
Batting: RHB Tom Hicks
|
0-0: Ball 1-0: Called Strike 1-1: Ball 2-1: Called Strike 2-2: Ball 3-2: Foul Ball, location: 2F 3-2: Foul Ball, location: 2F 3-2: Base on Balls Chris Burrell to second
|
Batting: RHB Jaime Hernández
|
0-0: Fly out, F7 (Flyball, 7)
|
Pitching: RHP Carlos Olmedo
|
|
Batting: RHB Pedro López
|
0-0: Fly out, F9 (Line Drive, 89M)
|
Top of the 7th over - 0 run(s), 0 hit(s), 0 error(s), 2 left on base; Minnesota 1 - Butler 4 |
BOTTOM OF THE 7TH |
Butler White Sox batting - Pitching for Minnesota ManBearPigs : LHP Ed Stevens
|
Pitching: RHP Ernesto González
|
|
Batting: LHB Josh Pérez
|
0-0: Ball 1-0: Ball 2-0: Ball 3-0: Called Strike 3-1: SINGLE (Groundball, 4M) (infield hit)
|
Batting: RHB Jerry Moore
|
0-0: Called Strike 0-1: Ball 1-1: Ball 2-1: Sac Bunt - play at first, batter OUT! 5-4 Josh Pérez to second
|
Batting: RHB Bobby Murdock
|
0-0: Ball 1-0: Ground out 5-3 (Groundball, 56S) Josh Pérez to third
|
Batting: RHB Tom Lang
|
0-0: Intentional Walk
|
Batting: RHB Luis Fuentes
|
0-0: Fly out, F5 (Line Drive, 6)
|
Bottom of the 7th over - 0 run(s), 1 hit(s), 0 error(s), 2 left on base; Minnesota 1 - Butler 4 |
TOP OF THE 8TH |
Minnesota ManBearPigs batting - Pitching for Butler White Sox : RHP Carlos Olmedo
|
Now at 3B: Júlio Hernández
|
|
Batting: RHB Chris Jones
|
0-0: Ball 1-0: Ball 2-0: Called Strike 2-1: Fly out, F7 (Flyball, 78S)
|
Batting: RHB Carlos Luna
|
0-0: Ball 1-0: Ball 2-0: Called Strike 2-1: Ball 3-1: Base on Balls
|
Batting: RHB Carlos López
|
0-0: Ball 1-0: Ball 2-0: Ball 3-0: Called Strike 3-1: Base on Balls Carlos Luna to second
|
Batting: RHB Ichizo Akiyama
|
0-0: Ball 1-0: Fly out, F6 (Popup, 6M)
|
Batting: RHB Jeffrey Hicks
|
0-0: Ball 1-0: Ball 2-0: Foul Ball, location: 2F 2-1: Ball 3-1: Called Strike 3-2: Foul Ball, location: 2F 3-2: Fly out, F6 (Line Drive, 56D)
|
Top of the 8th over - 0 run(s), 0 hit(s), 0 error(s), 2 left on base; Minnesota 1 - Butler 4 |
BOTTOM OF THE 8TH |
Butler White Sox batting - Pitching for Minnesota ManBearPigs : RHP Ernesto González
|
Batting: RHB Luis Ramos
|
0-0: Called Strike 0-1: Ball 1-1: Ball 2-1: Fly out, F3 (Popup, 34)
|
Batting: LHB Thomas Dixon
|
0-0: Ball 1-0: Called Strike 1-1: Called Strike 1-2: Ball 2-2: Strikes out swinging
|
Batting: LHB Denny Allen
|
0-0: SINGLE (Groundball, 23) (infield hit)
|
Batting: RHB Steve Clifton
|
0-0: Swinging Strike 0-1: Called Strike 0-2: Strikes out swinging
|
Bottom of the 8th over - 0 run(s), 1 hit(s), 0 error(s), 1 left on base; Minnesota 1 - Butler 4 |
TOP OF THE 9TH |
Minnesota ManBearPigs batting - Pitching for Butler White Sox : RHP Carlos Olmedo
|
Pitching: RHP Jorge Barrón
|
|
Batting: RHB Chris Burrell
|
0-0: Ball 1-0: Foul Ball, location: 2F 1-1: Called Strike 1-2: Foul Ball, location: 2F 1-2: Fly out, F8 (Flyball, 8RS)
|
Batting: RHB Tom Hicks
|
0-0: Ball 1-0: Foul Ball, location: 2F 1-1: Ball 2-1: Ball 3-1: Foul Ball, location: 2F 3-2: Fly out, F8 (Flyball, 8LD)
|
Batting: RHB Jaime Hernández
|
0-0: Called Strike 0-1: Ball 1-1: Ball 2-1: Ball 3-1: Base on Balls
|
Batting: RHB Pedro López
|
0-0: Ball 1-0: SINGLE (Line Drive, 9S) Jaime Hernández to second
|
Pinch Hitting: SHB William Hamilton
|
0-0: Called Strike 0-1: Fly out, F5 (Popup, 5)
|
Top of the 9th over - 0 run(s), 1 hit(s), 0 error(s), 2 left on base; Minnesota 1 - Butler 4 |
|